 Dungeon Crawl Stone Soup version 0.29.1-15-g9cfb28693d (webtiles) character file.

Game seed: 2329781551427535919

8127 Gabide the Nimble (level 11, 0/73 HPs)
             Began as a Tengu Monk on Feb 22, 2023.
             Was an Elder of Dithmenos.
             Slain by a 17-headed hydra (6 damage)
             ... on level 8 of the Dungeon.
             The game lasted 00:17:41 (12336 turns).

Gabide the Nimble (Tengu Monk)                     Turns: 12336, Time: 00:17:42

Health: 0/73       AC: 10    Str: 10    XL:     11   Next: 26%
Magic:  0/12       EV: 25    Int: 13    God:    Dithmenos [****..]
Gold:   160        SH:  0    Dex: 24    Spells: 10/10 levels left

rFire   + . .      SeeInvis +   J - +3 great sword (vamp)
rCold   . . .      Faith    .   (shield currently unavailable)
rNeg    . . .      Spirit   +   u - +3 leather armour {Will+}
rPois   +          Reflect  .   (helmet restricted)
rElec   .          Harm     .   p - +2 cloak {rPois}
rCorr   .          Rampage  .   K - +0 pair of gloves
Will    +....                   (boots unavailable)
Stlth   +++.......              q - amulet of guardian spirit
HPRegen 0.22/turn               v - ring of protection from fire
MPRegen 0.13/turn               H - ring of see invisible

@: flying quickly and evasively, wreathed by umbra, quick
A: beak, talons 3, nimble flight, agile 1, clever 1
a: Renounce Religion, Shadow Step


You were on level 8 of the Dungeon.
You worshipped Dithmenos.
Dithmenos was greatly pleased with you.
You visited 2 branches of the dungeon, and saw 11 of its levels.
You also visited: Sewer.

You collected 647 gold pieces.
You spent 487 gold pieces at shops.

Inventory:

Hand Weapons
 a - a +4 vorpal long sword
 b - a +3 spectral great sword
 J - a +3 vampiric great sword (weapon)
Missiles
 C - a throwing net (quivered)
Armour
 p - a +2 cloak of poison resistance (worn)
 u - a +3 leather armour of willpower (worn)
 K - a +0 pair of gloves (worn)
Jewellery
 q - an amulet of guardian spirit (around neck)
 t - a ring of resist corrosion
 v - a ring of protection from fire (left hand)
 D - a ring of poison resistance
 E - a ring of willpower
 H - a ring of see invisible (right hand)
Wands
 j - a wand of charming (17)
 r - a wand of flame (27)
 x - a wand of mindburst (3)
 B - a wand of roots (6)
Scrolls
 d - 4 scrolls of magic mapping
 e - 3 scrolls of fog
 f - 4 scrolls of teleportation
 n - a scroll of fear {unknown}
 w - 2 scrolls of amnesia
Potions
 c - a potion of experience {unknown}
 g - a potion of resistance {unknown}
 h - 4 potions of mutation
 i - 2 potions of heal wounds
 k - 2 potions of curing
 l - a potion of invisibility {unknown}
 m - a potion of magic {unknown}
 o - 2 potions of cancellation
 s - 2 potions of flight {unknown}
 z - a potion of attraction {unknown}
 A - 2 potions of lignification {unknown}
 F - a potion of might {unknown}
 G - a potion of haste {unknown}


   Skills:
 + Level 10.4 Fighting
 + Level 11.3 Long Blades
 + Level 11.4 Dodging
 - Level 2.0 Stealth


You had 10 spell levels left.
You didn't know any spells.
Your spell library contained the following spells:

 Spells                   Type           Power      Damage    Failure   Level
 Blink                    Tloc           0%         N/A       54%         2
 Sublimation of Blood     Necr           0%         N/A       54%         2
 Wereblood                Tmut           0%         N/A       54%         2
 Lesser Beckoning         Tloc           0%         N/A       77%         3
 Ozocubu's Armour         Ice            0%         N/A       77%         3
 Cause Fear               Hex            0%         N/A       99%         4
 Petrify                  Tmut/Erth      0%         N/A       99%         4
 Freezing Cloud           Conj/Ice/Air   0%         6-21      100%        5
 Manifold Assault         Tloc           0%         N/A       100%        5
 Metabolic Englaciation   Hex/Ice        0%         N/A       100%        5
 Simulacrum               Ice/Necr       0%         N/A       100%        6
 Statue Form              Tmut/Erth      0%         N/A       100%        6
 Dragon Form              Tmut           0%         N/A       100%        7
 Ozocubu's Refrigeration  Ice            0%         4d7       100%        7
 Summon Hydra             Summ           0%         N/A       100%        7
 Dragon's Call            Summ           0%         N/A       100%        9
 Polar Vortex             Ice            0%         N/A       100%        9


Dungeon Overview and Level Annotations

Branches:
Dungeon (10/15)            Temple (1/1) D:4             Orc (0/2) D:10
  Sewer (visited)
   Lair: D:8-11

Altars:
Ashenzari
Cheibriados
Dithmenos
Elyvilon
Fedhas
Gozag
Hepliaklqana
Kikubaaqudgha
Makhleb
Nemelex Xobeh
Okawaru
Qazlal
Ru
Sif Muna
Trog
Uskayaw
Vehumet
Wu Jian
Xom
Yredelemnul
Zin
The Shining One

Shops:
D:1 (   D:3 [

Annotations:
D:4 2 transporters
D:7 2 transporters, MacCMillion's ghost, novice TrFi


Innate Abilities, Weirdness & Mutations

You have a beak for a mouth.
You have claws for feet.
Your magical nature lets you fly swiftly and evasively.
You are agile. (Dex +4, Str/Int -1)
Your mind is acute. (Int +4, Str/Dex -1)


Message History

The 14-headed hydra misses you. x2
Your spectral weapon disappears.
You feel a sense of dread.
J - a +3 vampiric great sword (weapon)
You slice one of the 14-headed hydra's heads off!
The 13-headed hydra grows two more!
You hit the 15-headed hydra. Your kick misses the 15-headed hydra.
The 15-headed hydra is heavily wounded.
The 15-headed hydra completely misses you.
The 15-headed hydra barely misses you.
The 15-headed hydra completely misses you.
The 15-headed hydra closely misses you. The 15-headed hydra barely misses you.
The 15-headed hydra bites you but does no damage.
The 15-headed hydra bites you.
* * * LOW HITPOINT WARNING * * *
The 15-headed hydra bites you but does no damage.
The 15-headed hydra misses you.
The 15-headed hydra completely misses you.
The 15-headed hydra bites you.
* * * LOW HITPOINT WARNING * * *
The 15-headed hydra bites you.
* * * LOW HITPOINT WARNING * * *
The 15-headed hydra closely misses you. x2; The 15-headed hydra misses you.
You lop one of the 15-headed hydra's heads off!
The 14-headed hydra grows two more!
You slice the 16-headed hydra!!
You feel better.
You claw the 16-headed hydra.
The 16-headed hydra is heavily wounded.
Your shadow hits the 16-headed hydra with a great sword!
Your shadow slices one of the 16-headed hydra's heads off!
The 15-headed hydra grows two more!
The 17-headed hydra misses you. The 17-headed hydra bites you.
* * * LOW HITPOINT WARNING * * *
The 17-headed hydra closely misses you. The 17-headed hydra misses you.
The 17-headed hydra bites you!
* * * LOW HITPOINT WARNING * * *
The 17-headed hydra completely misses you.
The 17-headed hydra bites you but does no damage. x2
The 17-headed hydra closely misses you.
The 17-headed hydra bites you but does no damage.
The 17-headed hydra bites you.
You die...

#### ##### ##... ##... # #...
###..#### #
#..#####.).))..#.## ###
##..##.###.##......# ..#
#..........#.###...#
.######......#....#.#.).#
..##........##..@.......#
#.#........###.§D.....###
#.#...#....##.....#...#
.....###...#...(.###..####
.###...........(..#...##.## .
#..............#..###..# .
#..............#.###...## ..
..................#.....#####
## #.....##
.............####..#


You could see a 17-headed hydra.

Vanquished Creatures
  A two-headed ogre (D:10)
  Amaemon (D:9)
  Maurice (D:9)
  An orange demon (D:9)
  2 trolls (D:9)
  A wyvern (D:7)
  A wraith (D:10)
  15 yaks (D:10)
  Eustachio (D:6)
  A steam dragon (D:10)
  3 orc warriors
  A sky beast (D:7)
  2 ice beasts
  2 centaurs
  An ogre (D:4)
  A phantom (D:4)
  2 kobold brigands
  4 scorpions
  9 wights
  4 killer bees (D:8)
  3 howler monkeys (D:9)
  4 jellies
  4 hounds
  Crazy Yiuf (D:4)
  9 orc priests
  An iguana (D:4)
  Ijyb (D:4)
  12 orc wizards
  7 gnolls (D:6)
  14 adders
  3 river rats
  2 shadow imps
  An ufetubus (D:5)
  3 worms
  3 dart slugs
  39 orcs
  8 ball pythons
  15 endoplasms
  12 giant cockroaches
  7 hobgoblins
  6 jackals
  3 quokkas
  3 bats
  6 frilled lizards
  5 goblins
  17 kobolds
  10 rats
253 creatures vanquished.

Vanquished Creatures (collateral kills)
  A jelly (Sewer)
  A river rat (Sewer)
2 creatures vanquished.

Vanquished Creatures (others)
  A wight (D:8)
  A jelly (Sewer)
2 creatures vanquished.

Grand Total: 257 creatures vanquished

Notes
Turn   | Place    | Note
-------+----------+-------------------------------------------
     0 | D:1      | Gabide the Tengu Monk began the quest for the Orb.
     0 | D:1      | Reached XP level 1. HP: 14/14 MP: 2/2
   111 | D:1      | Reached XP level 2. HP: 14/19 MP: 3/3
   726 | D:1      | Found Funantaun's Weapon Shop.
   858 | D:2      | Reached XP level 3. HP: 13/23 MP: 4/4
  1895 | D:3      | Reached XP level 4. HP: 13/29 MP: 5/5
  2074 | D:3      | Found a glowing drain.
  2083 | Sewer    | Entered a sewer
  2284 | Sewer    | Gained mutation: Your magical nature lets you fly swiftly
                  | and evasively. [Tengu growth]
  2284 | Sewer    | Reached XP level 5. HP: 5/33 MP: 6/6
  2753 | Sewer    | Found a viscous altar of Jiyva.
  2781 | Sewer    | Gained mutation: Your movements are slightly less
                  | encumbered by armour. (ER -2) [potion of mutation]
  2781 | Sewer    | Gained mutation: Your muscles are strong. (Str +4, Int/Dex
                  | -1) [potion of mutation]
  2781 | Sewer    | Gained mutation: You occasionally lose the ability to drink
                  | potions when taking damage. [potion of mutation]
  3393 | Sewer    | Reached XP level 6. HP: 32/39 MP: 7/7
  3410 | Sewer    | Reached skill level 5 in Dodging
  3728 | Sewer    | Reached skill level 5 in Long Blades
  4084 | D:3      | Lost mutation: Your movements are slightly less encumbered
                  | by armour. (ER -2) [potion of mutation]
  4084 | D:3      | Lost mutation: You occasionally lose the ability to drink
                  | potions when taking damage. [potion of mutation]
  4084 | D:3      | Gained mutation: You are agile. (Dex +4, Str/Int -1)
                  | [potion of mutation]
  4084 | D:3      | Lost mutation: Your muscles are strong. (Str +4, Int/Dex
                  | -1) [potion of mutation]
  4084 | D:3      | Gained mutation: Your mind is acute. (Int +4, Str/Dex -1)
                  | [potion of mutation]
  4499 | D:3      | Found Tahasa's Armour Boutique.
  4817 | D:4      | Reached skill level 5 in Fighting
  4817 | D:4      | Reached XP level 7. HP: 37/44 MP: 6/8
  4878 | D:4      | Found a transporter.
  4886 | D:4      | Found a transporter.
  5267 | D:4      | Found a runed translucent door.
  5268 | D:4      | Noticed Crazy Yiuf
  5414 | D:4      | Noticed Ijyb
  5423 | D:4      | Killed Ijyb
  5557 | D:4      | Found a staircase to the Ecumenical Temple.
  5564 | Temple   | Entered the Ecumenical Temple
  5602 | Temple   | Became a worshipper of Dithmenos the Shadowed
  5602 | Temple   | Reached * piety under Dithmenos
  5602 | Temple   | Reached ** piety under Dithmenos
  5867 | D:4      | Killed Crazy Yiuf
  6132 | D:5      | Entered Level 5 of the Dungeon
  6399 | D:5      | Reached XP level 8. HP: 50/51 MP: 7/9
  6519 | D:5      | You are sucked into a shaft and drop 1 floor!
  6524 | D:6      | Noticed Eustachio
  6547 | D:6      | Killed Eustachio
  7833 | D:7      | Reached XP level 9. HP: 36/57 MP: 7/10
  8043 | D:7      | Found a transporter.
  8043 | D:7      | Noticed MacCMillion's ghost (novice TrFi)
  8046 | D:7      | Found a transporter.
  8052 | D:7      | Reached *** piety under Dithmenos
  8355 | D:7      | Found a bloodstained altar of Trog.
  9316 | D:8      | Noticed a six-headed hydra
  9794 | D:3      | Bought a +2 cloak of poison resistance for 240 gold pieces
  9857 | D:3      | Bought a +2 leather armour of willpower for 247 gold pieces
 10570 | D:9      | Found a shimmering blue altar of Sif Muna.
 10571 | D:9      | Found a glowing silver altar of Zin.
 10572 | D:9      | Found an ornate altar of the Wu Jian Council.
 10597 | D:9      | Noticed a troll
 10607 | D:9      | Killed a troll
 10763 | D:9      | Reached XP level 10. HP: 65/65 MP: 11/11
 10800 | D:9      | Noticed an orange demon
 10803 | D:9      | Noticed Amaemon
 10818 | D:9      | Killed Amaemon
 10820 | D:9      | Killed an orange demon
 11252 | D:9      | Reached skill level 10 in Long Blades
 11252 | D:9      | Reached skill level 10 in Dodging
 11274 | D:9      | Noticed Maurice
 11280 | D:9      | Killed Maurice
 11365 | D:10     | Entered Level 10 of the Dungeon
 11611 | D:10     | Reached **** piety under Dithmenos
 11806 | D:10     | Noticed a two-headed ogre
 11816 | D:10     | Killed a two-headed ogre
 11817 | D:10     | Reached skill level 10 in Fighting
 11817 | D:10     | Reached XP level 11. HP: 72/72 MP: 12/12
 11957 | D:10     | Found a staircase to the Orcish Mines.
 12336 | D:8      | Slain by a 17-headed hydra

Illustrated notes

Levels and vault maps discovered:
D:1:      heliophobic_arrival_battle_scene, layout_loops_ring, serial_shops,
          shop
D:2:      layout_basic, hangedman_decor_push
D:3:      layout_rooms, gup_sewer_entry_bubbles, serial_shops,
          nicolae_diamond_shop
D:4:      gammafunk_steamed_eel, layout_cave_pods,
          minmay_temple_entry_proselytizer, uniq_ijyb, uniq_crazy_yiuf_cottage
D:5:      layout_rooms
D:6:      layout_basic, uniq_eustachio
D:7:      layout_cave_pods, old_standard_altar, gammafunk_ghost_arena
D:8:      layout_cave_pools, erik_lair_dragon, uniq_erica
D:9:      layout_loops_ring, chequers_temple_overflow_statue_of_worship,
          uniq_amaemon, uniq_maurice
D:10:     layout_basic, hiddenorc2_lemuel
Temple:   nicolae_temple_two_arcs

Skill      XL: |  1  2  3  4  5  6  7  8  9 10 |
---------------+-------------------------------+-----
Long Blades    | 4 5 6 7 9 11 | 11.3
Dodging        | 4 5 6 7 9 11 | 11.4
Fighting       | 4 5 7 8 10 | 10.4
Stealth        | |  2.0

Action                   |  1- 3 |  4- 6 |  7- 9 | 10-12 || total
-------------------------+-------+-------+-------+-------++-------
Melee: Long sword        |    77 |   135 |   177 |       ||   389
       Kick              |    16 |    40 |    58 |    58 ||   172
       Peck              |     9 |    19 |    36 |    32 ||    96
       Falchion          |     1 |       |       |       ||     1
       Punch             |     1 |     1 |     4 |       ||     6
       Great sword       |       |       |    41 |   164 ||   205
Throw: Dart              |       |       |     2 |     8 ||    10
Evoke: Wand              |       |     4 |     6 |       ||    10
  Use: Scroll            |     4 |     4 |    14 |     5 ||    27
       Potion            |       |     3 |     1 |     1 ||     5
 Stab: Sleeping          |     6 |     4 |     5 |     5 ||    20
       Distracted        |       |       |       |     1 ||     1
Armor: Robe              |    11 |     7 |       |       ||    18
       Leather armour    |       |     2 |    35 |    54 ||    91
Dodge: Dodged            |    65 |   124 |   291 |   322 ||   802
